 Dungeon Crawl Stone Soup version 0.31-a0-202-g547052bce9 (webtiles) character file.

Game seed: 15562818860889024499

5156 Hubris850 the Frost Mage (level 10, -11/77 HPs)
             Began as a Green Draconian Ice Elementalist on June 26, 2023.
             Was a Believer of Ru.
             Mangled by a gargoyle
             ... wielding a +0 mace
              (19 damage)
             ... on level 7 of the Dungeon.
             The game lasted 00:22:36 (6553 turns).

Hubris850 the Frost Mage (DrIE)                     Turns: 6553, Time: 00:22:37

Health: -11/77     AC: 10    Str: 11    XL:     10   Next: 33%
Magic:  18/22      EV: 12    Int: 19    God:    Ru [**....]
Gold:   403        SH:  5    Dex: 12    Spells: 15/26 levels left

rFire   . . .        f - +1 whip (elec)
rCold   . . .        w - +0 buckler
rNeg    . . .        (body armour unavailable)
rPois   +            (helmet restricted)
rElec   .            (no cloak)
rCorr   .            (no gloves)
SInv    .            I - +2 pair of boots
Will    .....        r - amulet of regeneration
Stlth   ++           d - +4 ring of slaying
HPRegen 1.12/turn    x - ring of wizardry
MPRegen 0.18/turn

%: wizardry (x1)
@: no status effects
A: breathe noxious fumes, AC +7, unfitting armour, poison resistance,
cold-blooded, inability to use devices
a: Breathe Noxious Fumes, Renounce Religion


You were on level 7 of the Dungeon.
You worshipped Ru.
Ru was pleased with you.
You visited 2 branches of the dungeon, and saw 8 of its levels.

You collected 403 gold pieces.

Inventory:

Hand Weapons
 b - a +0 dagger
 f - a +1 whip of electrocution (weapon)
 o - a +1 short sword of flaming
 D - a +3 short sword
 G - a +2 dagger of venom
Missiles
 F - a curare-tipped dart
 K - 2 boomerangs
Armour
 w - a +0 buckler (worn)
 I - a +2 pair of boots (worn)
Magical Staves
 l - a staff of death
 J - a staff of earth
Jewellery
 d - a +4 ring of slaying (left hand)
 r - an amulet of regeneration (around neck)
 s - an amulet of magic regeneration
 x - a ring of wizardry (right hand)
 y - an amulet of guardian spirit
 z - a ring of protection from fire
 E - a ring of flight
Wands
 v - a wand of flame (37)
Scrolls
 c - 2 scrolls of poison {unknown}
 e - 8 scrolls of identify {unknown}
 h - 3 scrolls of teleportation {unknown}
 i - a scroll of torment {unknown}
 j - 3 scrolls of revelation {unknown}
 m - 2 scrolls of noise {unknown}
 p - 2 scrolls of amnesia {unknown}
 t - a scroll of silence {unknown}
 A - 2 scrolls of fog {unknown}
 C - a scroll of enchant armour {unknown}
 H - a scroll of fear {unknown}
Potions
 a - 2 potions of magic
 g - 4 potions of heal wounds {unknown}
 k - 3 potions of curing
 n - 3 potions of cancellation {unknown}
 q - 2 potions of enlightenment {unknown}
 u - 2 potions of resistance {unknown}
 B - 2 potions of invisibility {unknown}


   Skills:
 - Level 3.0 Fighting
 - Level 3.0 Maces & Flails
 - Level 4.0 Dodging
 - Level 2.0 Stealth
 - Level 4.0 Shields
 + Level 8.6 Spellcasting
 - Level 4.0 Summonings
 + Level 10.0 Ice Magic


You had 15 spell levels left.
You knew the following spells:

 Your Spells              Type           Power      Damage    Failure   Level
a - Freeze                Ice            100%       1d10      1%          1
b - Frozen Ramparts       Ice            92%        1d14      1%          3
c - Ozocubu's Armour      Ice            46%        N/A       1%          3
d - Summon Ice Beast      Ice/Summ       34%        N/A       2%          4

Your spell library contained the following spells:

 Spells                   Type           Power      Damage    Failure   Level
 Apportation              Tloc           16%        N/A       4%          1
 Alistair's Intoxication  Tmut/Pois      5%         N/A       77%         5


Dungeon Overview and Level Annotations

Branches:
Dungeon (7/15)             Temple (1/1) D:4

Altars:
Ashenzari
Cheibriados
Dithmenos
Elyvilon
Fedhas
Gozag
Kikubaaqudgha
Makhleb
Nemelex Xobeh
Qazlal
Ru
Trog
Uskayaw
Vehumet
Wu Jian
Xom
Yredelemnul
Zin
The Shining One


Innate Abilities, Weirdness & Mutations

You can breathe blasts of noxious fumes.
Your lurid green scales are hard. (AC +7)
You cannot fit into any form of body armour.
Your system is resistant to poisons. (rPois)
You are cold-blooded and may be slowed by cold attacks.
You cannot study or use magical devices.


Message History

The steam dragon scales are intact enough to wear.
You hit the troll.
The troll is moderately wounded.
Your icy armour evaporates.
The wall freezes the troll!
The troll completely misses you. The troll closely misses you.
The troll claws you but does no damage.
The wall freezes the troll but does no damage.
You block the troll's attack. The troll claws you.
The troll closely misses you.
You barely miss the troll.
The troll is heavily wounded.
The wall freezes the troll!
The troll bites you! You block the troll's attack. x2
You hit the troll.
You kill the troll!
Your Ice Magic skill increases to level 10!
You barely miss the gargoyle.
You tail-slap the gargoyle, but do no damage.
You hit the gargoyle but do no damage.
The wall freezes the gargoyle.
The gargoyle hits you with a +0 mace!
* * * LOW HITPOINT WARNING * * *
You barely miss the gargoyle.
The gargoyle is lightly damaged.
The wall freezes the gargoyle but does no damage.
The gargoyle is stunned by your conviction and fails to attack.
The wall freezes the gargoyle.
The gargoyle hurls a stone arrow at you.
The stone arrow misses you.
You hit the gargoyle.
You tail-slap the gargoyle, but do no damage.
The gargoyle is heavily damaged.
You hit the gargoyle but do no damage.
The gargoyle is heavily damaged.
The wall freezes the gargoyle but does no damage.
The gargoyle hits you with a +0 mace!
* * * LOW HITPOINT WARNING * * *
Unknown command.
You barely miss the gargoyle.
The gargoyle is heavily damaged.
The frozen ramparts melt away.
The gargoyle hits you with a +0 mace!!
You die...

#...#####.#.....♣♣♣....♣.♣....♣♣
#.........#.♣♣♣.♣♣....♣.♣.♣....♣♣
#.....)...#.♣ ♣....)..♣♣♣♣♣...)).
##........#.♣♣♣.#♣....♣.♣.♣.)).♣♣
##).......#.....#♣♣....♣.♣....♣♣
##........###.### #############
##........#.....# .#
##........#♣.).♣#♣♣♣.# #.♣♣♣#
.+........#.♣)♣.@9.†.# #.....
##........#♣...♣#♣♣♣.# #.♣♣♣#
.+........#.....# .#
##........###.### ############# #
..........#.....♣♣♣....♣.♣....♣♣♣
########..#♣♣♣♣)♣♣.≈≈≈≈~≈~≈≈≈≈.♣♣
..........# ♣.....≈≈≈≈~≈~≈~≈≈≈≈..
#######...#♣♣♣♣.♣♣.≈≈≈≈~≈~≈≈≈≈.♣♣
#.......#.....♣♣♣....♣.♣..).♣♣


You could see a gargoyle.

Vanquished Creatures
  Pikel (D:6)
  A troll (D:7)
  A hornet (D:7)
  Sigmund (D:4)
  Eustachio (D:6)
  A wyvern (D:7)
  2 yaks (D:7)
  6 steam dragons
  A water moccasin (D:4)
  2 ice beasts (D:7)
  4 sky beasts (D:7)
  3 orc warriors (D:7)
  2 ogres
  A centaur (D:7)
  2 lemures (D:6)
  Blork the orc (D:4)
  A phantom (D:5)
  3 bullfrogs (D:7)
  A scorpion (D:5)
  2 wights (D:7)
  A howler monkey (D:6)
  A crimson imp (D:5)
  7 hounds
  4 jellies
  A gnoll bouda (D:7)
  3 orc priests
  4 iguanas (D:5)
  8 orc wizards
  Robin (D:4)
  A gnoll (D:1)
  7 adders
  2 shadow imps
  3 white imps
  2 worms
  33 orcs
  7 ball pythons
  9 endoplasms
  3 giant cockroaches
  12 goblins
  4 hobgoblins
  9 kobolds
  5 quokkas
  6 bats
  4 frilled lizards
  11 rats
185 creatures vanquished.

Vanquished Creatures (collateral kills)
  An orc warrior (D:7)
  A kobold brigand (D:7)
  An orc (D:7)
3 creatures vanquished.

Vanquished Creatures (others)
  A sky beast (D:7)
  An adder (D:6)
  An ufetubus (D:7)
3 creatures vanquished.

Grand Total: 191 creatures vanquished

Notes
Turn   | Place    | Note
-------+----------+-------------------------------------------
     0 | D:1      | Hubris850 the Draconian Ice Elementalist began the quest
                  | for the Orb.
     0 | D:1      | Reached XP level 1. HP: 14/14 MP: 3/3
   228 | D:1      | Reached XP level 2. HP: 12/22 MP: 0/5
   333 | D:1      | Reached skill level 1 in Fighting
   641 | D:1      | Reached XP level 3. HP: 28/28 MP: 6/6
   658 | D:1      | Learned a level 3 spell: Frozen Ramparts
  1325 | D:2      | Found a faded altar of an unknown god.
  1480 | D:2      | Reached XP level 4. HP: 36/36 MP: 7/7
  1812 | D:3      | Learned a level 3 spell: Ozocubu's Armour
  2813 | D:4      | Reached XP level 5. HP: 35/38 MP: 5/9
  2868 | D:4      | Noticed a water moccasin
  2870 | D:4      | Noticed Blork the orc
  2880 | D:4      | Killed a water moccasin
  2881 | D:4      | Reached skill level 1 in Maces & Flails
  2881 | D:4      | Reached XP level 6. HP: 39/50 MP: 1/10
  2886 | D:4      | Killed Blork the orc
  2887 | D:4      | Reached skill level 5 in Ice Magic
  2969 | D:4      | Noticed Sigmund
  2983 | D:4      | Killed Sigmund
  3248 | D:4      | Found a staircase to the Ecumenical Temple.
  3257 | Temple   | Entered the Ecumenical Temple
  3353 | Temple   | Became a worshipper of Ru the Awakened
  3462 | D:4      | Found a bloodstained altar of Trog.
  3487 | D:4      | Your scales start taking on a lurid green colour.
  3487 | D:4      | Reached XP level 7. HP: 57/57 MP: 12/12
  3487 | D:4      | Gained mutation: Your system is resistant to poisons.
                  | (rPois) [Green Draconian growth]
  3490 | D:4      | Noticed Robin
  3496 | D:4      | Killed Robin
  3862 | D:5      | Entered Level 5 of the Dungeon
  4430 | D:5      | Learned a level 4 spell: Summon Ice Beast
  4591 | D:5      | Gained mutation: You cannot study or use magical devices.
                  | [Ru sacrifice]
  4591 | D:5      | Reached * piety under Ru
  4591 | D:5      | Reached ** piety under Ru
  4750 | D:5      | Reached skill level 1 in Summonings
  4753 | D:5      | Reached skill level 1 in Shields
  4781 | D:6      | Reached skill level 6 in Ice Magic
  4781 | D:6      | Noticed Pikel
  4787 | D:6      | Noticed a steam dragon
  4803 | D:6      | Killed Pikel
  4804 | D:6      | Reached skill level 5 in Spellcasting
  4804 | D:6      | Reached XP level 8. HP: 12/63 MP: 9/15
  5094 | D:6      | Noticed Eustachio
  5112 | D:6      | Killed Eustachio
  5137 | D:6      | Reached skill level 7 in Ice Magic
  5385 | D:7      | Reached XP level 9. HP: 9/69 MP: 17/17
  5668 | D:7      | Reached skill level 8 in Ice Magic
  5927 | D:7      | Reached skill level 9 in Ice Magic
  6138 | D:7      | Reached XP level 10. HP: 50/77 MP: 17/21
  6199 | D:7      | Identified the +4 ring mail "Duzakkao" {Dex+4}
  6213 | D:7      | Found a stormy altar of Qazlal.
  6542 | D:7      | Noticed a gargoyle
  6548 | D:7      | Reached skill level 10 in Ice Magic
  6553 | D:7      | Mangled by a gargoyle

Illustrated notes

Levels and vault maps discovered:
D:1:      sevenhm_arrival_forest_fort_large_4, layout_loops_ring,
          lexackson_kobold_supper
D:2:      layout_basic, ebering_ecumenical_altar_rust
D:3:      layout_loops_cross, serial_park_tiny_1
D:4:      layout_basic, lightli_temple_of_fire,
          minmay_temple_entry_glassed_door, kennysheep_generic_room_8,
          uniq_robin, uniq_sigmund, uniq_blork_the_orc
D:5:      layout_basic, grunt_ministairs_3, minmay_fire_ice_demons
D:6:      layout_cave_pools, kennysheep_small_square, uniq_pikel, uniq_eustachio
D:7:      nzn_winding_woodlands_medium [nzn_winding_woodlands_5x5_checkerboard,
          nzn_winding_woodlands_5x15_river_crossing,
          nzn_winding_woodlands_5x5_three, nzn_winding_woodlands_5x5_cross,
          nzn_winding_woodlands_center_pierced_h,
          nzn_winding_woodlands_hourglass, nzn_winding_woodlands_5x5_default,
          nzn_winding_woodlands_5x15_parted,
          nzn_winding_woodlands_5x5_perimeter], layout_basic,
          nicolae_qazlal_style_of_elements, solitary_fountain,
          hangedman_misty_isle
Temple:   minmay_temple_bridge_d

Skill      XL: |  1  2  3  4  5  6  7  8  9 10 |
---------------+-------------------------------+-----
Dodging        | 2 3 4 |  4.0
Stealth        | 2 |  2.0
Fighting       | 1 2 3 |  3.0
Spellcasting   | 3 5 7 8 |  8.6
Maces & Flails | 1 2 3 |  3.0
Ice Magic      | 5 6 7 9 10 | 10.0
Summonings     | 2 4 |  4.0
Shields        | 2 4 |  4.0

Action                     |  1- 3 |  4- 6 |  7- 9 | 10-12 || total
---------------------------+-------+-------+-------+-------++-------
  Melee: Dagger            |    25 |       |       |       ||    25
         Tailslap          |    41 |    11 |    36 |    13 ||   101
         Unarmed           |     1 |       |       |       ||     1
         Whip              |   157 |   107 |   285 |    76 ||   625
         Punch             |       |       |     1 |       ||     1
   Cast: Freeze            |     9 |       |       |       ||     9
         Frozen Ramparts   |       |     4 |    10 |     3 ||    17
         Ozocubu's Armour  |       |     1 |     1 |     1 ||     3
         Summon Ice Beast  |       |       |     4 |       ||     4
 Invoke: Sacrifice Artific |       |       |     1 |       ||     1
Ability: Breathe Noxious F |       |       |     7 |       ||     7
   Stab: Sleeping          |     7 |     4 |     2 |       ||    13
         Confused          |       |       |     7 |     1 ||     8
         Invisible         |       |       |     1 |       ||     1
 Armour: Skin              |    35 |    42 |    67 |    34 ||   178
  Dodge: Dodged            |    73 |    68 |   161 |    37 ||   339
  Block: Buckler           |       |       |    49 |    13 ||    62

Table legend: (Time is in decaauts)
 A = Elapsed time spent in this place.
 B = Non-inter-level travel time spent in this place.
 C = Inter-level travel time spent in this place.
 D = Time resting spent in this place.
 E = Time spent auto-exploring this place.
 F = Levels seen in this place.
 G = Mean time per level.
                   A        B        C        D        E       F      G
               +--------+--------+--------+--------+--------+-----+--------+
         Total |   6581 |   6294 |    287 |    542 |   4099 |   8 |  822.6 |
       Dungeon |   6411 |   6222 |    189 |    542 |   4037 |   7 |  915.9 |
        Temple |    169 |     71 |     98 |      0 |     62 |   1 |  169.0 |
               +--------+--------+--------+--------+--------+-----+--------+

Top non-repeatable levels by time:
     D:7: 1137 daAuts
     D:4: 1042 daAuts
     D:1: 956 daAuts
     D:5: 939 daAuts
     D:3: 863 daAuts
     D:2: 853 daAuts
     D:6: 618 daAuts
  Temple: 169 daAuts
